 Dungeon Crawl Stone Soup version 0.20.0 (webtiles) character file.

49 SubscribeToDemise the Chopper (level 3, -3/34 HPs)
             Began as a Minotaur Berserker on June 10, 2017.
             Was a Believer of Trog.
             Slain by a leopard gecko (5 damage)
             ... on level 2 of the Dungeon.
             The game lasted 00:00:38 (667 turns).

SubscribeToDemise the Chopper (Minotaur Berserker)   Turns: 667, Time: 00:00:39

Health: -3/34      AC:  2    Str: 21    XL:     3   Next: 51%
Magic:  2/2        EV: 12    Int:  4    God:    Trog [**....]
Gold:   12         SH:  0    Dex: 10    Spells: 2/2 levels left

rFire    . . .     SeeInvis .   a - +0 hand axe
rCold    . . .     Gourm    .   (no shield)
rNeg     . . .     Faith    .   b - +0 animal skin
rPois    .         Spirit   .   (helmet restricted)
rElec    .         Reflect  .   (no cloak)
rCorr    .         Harm     .   (no gloves)
MR       .....                  (no boots)
Stlth    +.........             (no amulet)
Regen    0.2/turn               (no ring)
MPRegen  0.1/turn               (no ring)

@: berserk cooldown, slowed, very slow
A: retaliatory headbutt, horns 2
a: Berserk, Trog's Hand, Burn Spellbooks, Renounce Religion


You were on level 2 of the Dungeon.
You worshipped Trog.
Trog was pleased with you.
You were hungry.

You visited 1 branch of the dungeon, and saw 2 of its levels.

You collected 12 gold pieces.

Inventory:

Hand Weapons
 a - a +0 hand axe (weapon)
Armour
 b - a +0 animal skin (worn)
Comestibles
 c - a bread ration


   Skills:
 + Level 4.4 Fighting
 * Level 4.9 Axes
 - Level 2.4 Armour
 - Level 2.1 Dodging


You had 2 spell levels left.
You didn't know any spells.

Dungeon Overview and Level Annotations

Branches:
Dungeon (2/15)

Altars:
Xom

Annotations:
D:2 Sigmund


Innate Abilities, Weirdness & Mutations

You reflexively headbutt those who attack you in melee.
You have a pair of horns on your head.


Message History

Unknown command.
You aren't carrying any potions.
Unknown command.
Unknown command.
You hit the hobgoblin.
You kill the hobgoblin!
Trog accepts your kill. The goblin closely misses you. You furiously retaliate!
You headbutt the goblin, but do no damage.
You hit the goblin but do no damage. Your headbutt misses the goblin.
The goblin barely misses you. x2; You furiously retaliate!
You headbutt the goblin!
You kill the goblin!
Trog accepts your kill.
Unknown command.
You are too injured to fight recklessly!
You hit the leopard gecko. Your headbutt misses the leopard gecko.
The leopard gecko is heavily wounded.
The leopard gecko bites you.
You die...

## #≈≈...≈ .. #≈≈≈..≈
.### #≈≈≈.. #. ...
#.≈.. #..###.# ###..≈≈
#......##########.#..).
#.....@l.g.sl...l.....†
################s......
######.. ......#
....... .......#
.......# ........
#######.


You could see a leopard gecko, a giant cockroach, a hobgoblin and a frilled
lizard.

Vanquished Creatures
  An adder (D:2)
  A leopard gecko (D:1)
  3 giant cockroaches
  4 goblins
  5 hobgoblins
  4 jackals (D:1)
  6 bats
  4 frilled lizards
  5 kobolds (D:1)
  4 rats (D:1)
37 creatures vanquished.

Notes
Turn   | Place    | Note
-------+----------+-------------------------------------------
     0 | D:1      | SubscribeToDemise the Minotaur Berserker began the quest for the Orb.
     0 | D:1      | Reached XP level 1. HP: 19/19 MP: 0/0
     0 | D:1      | Noticed an ice dragon
     2 | D:1      | Noticed a shadow dragon
     2 | D:1      | Noticed an iron dragon
     4 | D:1      | Noticed an iron dragon
     5 | D:1      | Noticed a green draconian
     6 | D:1      | Noticed an orb of fire
     7 | D:1      | Noticed a shadow dragon
     8 | D:1      | Noticed an iron dragon
    10 | D:1      | Noticed a shadow dragon
    12 | D:1      | Noticed a large abomination
    12 | D:1      | Noticed a golden dragon
    14 | D:1      | Noticed a tentacled monstrosity
    14 | D:1      | Noticed a shadow dragon
    14 | D:1      | Noticed a large abomination
    16 | D:1      | Noticed an iron dragon
    16 | D:1      | Noticed an iron dragon
    16 | D:1      | Noticed an iron dragon
    18 | D:1      | Noticed a tentacled monstrosity
    18 | D:1      | Noticed an ice dragon
    20 | D:1      | Noticed a shadow dragon
   322 | D:1      | Reached XP level 2. HP: 22/27 MP: 1/1
   485 | D:1      | Reached ** piety under Trog
   509 | D:1      | Found a shimmering altar of Xom.
   549 | D:1      | Reached XP level 3. HP: 33/33 MP: 2/2
   640 | D:2      | Noticed Sigmund
   653 | D:2      | HP: 3/34 [leopard gecko (1)]
   655 | D:2      | HP: 1/34 [leopard gecko (2)]
   660 | D:2      | HP: 1/34 [hobgoblin (1)]
   667 | D:2      | Slain by a leopard gecko

Skill      XL: |  1  2 |
---------------+-------+-----
Axes           | 4 |  4.9
Fighting       | 4 |  4.4
Armour         | |  2.4
Dodging        | |  2.1

Action                   || total
-------------------------++-------
Melee: Hand axe          ||    65
       Headbutt          ||     4
Invok: Berserk           ||     2
 Stab: Sleeping          ||     1
Armor: Animal skin       ||    23
Dodge: Dodged            ||    69
